 Dungeon Crawl Stone Soup version 0.27.1-2-g3b301248ec (webtiles) character file.

Game seed: 15315148799733498733

14 nxtlvl the Chopper (level 2, -2/26 HPs)
             Began as a Hill Orc Monk on Sept 25, 2021.
             Slain by a hobgoblin (3 damage)
             ... on level 4 of the Dungeon.
             The game lasted 00:01:32 (201 turns).

nxtlvl the Chopper (Hill Orc Monk)                   Turns: 201, Time: 00:01:33

Health: -2/26      AC:  2    Str: 13    XL:     2   Next: 45%
Magic:  2/2        EV: 12    Int: 10    God:
Gold:   10         SH:  0    Dex: 13    Spells: 1/1 levels left

rFire    . . .     SeeInvis .   a - +0 hand axe
rCold    . . .     Faith    .   (no shield)
rNeg     . . .     Spirit   .   b - +0 robe
rPois    .         Reflect  .   (no helmet)
rElec    .         Harm     .   (no cloak)
rCorr    .         Rampage  .   (no gloves)
Will     .....                  (no boots)
Stlth    ++........             (no amulet)
HPRegen  0.08/turn              (no ring)
MPRegen  0.08/turn              (no ring)

@: no status effects
A: no striking features
a: no special abilities


You were on level 4 of the Dungeon.
You visited 1 branch of the dungeon, and saw 4 of its levels.

You collected 10 gold pieces.

Inventory:

Hand Weapons
 a - a +0 hand axe (weapon)
Armour
 b - a +0 robe (worn)
Scrolls
 c - a scroll of amnesia {unknown}


   Skills:
 - Level 3.6 Fighting
 * Level 5.1 Axes
 - Level 2.4 Dodging
 - Level 1.5 Stealth


You had one spell level left.
You didn't know any spells.
Your spell library was empty.

Dungeon Overview and Level Annotations

Branches:
Dungeon (4/15)
 Temple: D:4-7

Altars:
Yredelemnul


Message History

There is an open door here.
A quokka comes into view.
You hit the quokka but do no damage. The quokka bites you.
You closely miss the quokka. The quokka closely misses you.
You closely miss the quokka. The quokka bites you.
You barely miss the quokka. The quokka bites you.
The quokka completely misses you.
You completely miss the quokka. The quokka bites you.
You completely miss the quokka. The quokka bites you.
You hit the quokka but do no damage. The quokka barely misses you. x2
You closely miss the quokka. The quokka barely misses you.
You barely miss the quokka. The quokka bites you.
You hit the quokka but do no damage. The quokka barely misses you.
You barely miss the quokka. The quokka bites you.
You barely miss the quokka. The quokka bites you. x2
* * * LOW HITPOINT WARNING * * *
You closely miss the quokka. The quokka bites you.
* * * LOW HITPOINT WARNING * * *
You hit the quokka.
The quokka is heavily wounded.
The quokka barely misses you.
You hit the quokka.
You kill the quokka!
You see here a quokka corpse.
A hobgoblin comes into view.
A hobgoblin is nearby!
The hobgoblin shouts!
Found a book of Maledictions.
Found a basalt altar of Yredelemnul.
You hit the hobgoblin but do no damage.
The hobgoblin hits you but does no damage.
A dart slug comes into view.
You hit the hobgoblin but do no damage. The hobgoblin completely misses you.
You closely miss the hobgoblin.
The hobgoblin hits you but does no damage.
You closely miss the hobgoblin. The hobgoblin hits you.
* * * LOW HITPOINT WARNING * * *
You hit the hobgoblin.
The hobgoblin is severely wounded.
The hobgoblin hits you.
You die...

##..##.# .#. #...##.##
... #....#..# #..
#....##.#
#.######.....#.#
#..........#.#.##
####..........#....#
..............##.#.#
###...@......##...###
......g..............###
..#...............>..'..
_.#..PP..............###
..#..PP..###########....
###..PP... #.###
..w..P.... #.#
......P...: #.# #.#


You could see a dart slug and a hobgoblin.

Vanquished Creatures
  An adder (D:2)
  A hobgoblin (D:2)
  A quokka (D:4)
  2 ball pythons
  A bat (D:1)
6 creatures vanquished.

Vanquished Creatures (others)
  3 plants (D:4)
3 creatures vanquished.

Grand Total: 9 creatures vanquished

Notes
Turn   | Place    | Note
-------+----------+-------------------------------------------
     0 | D:1      | nxtlvl the Hill Orc Monk began the quest for the Orb.
     0 | D:1      | Reached XP level 1. HP: 19/19 MP: 1/1
    37 | D:2      | Reached XP level 2. HP: 20/26 MP: 2/2
    62 | D:2      | Reached skill level 5 in Axes
   196 | D:4      | Found a basalt altar of Yredelemnul.
   200 | D:4      | HP: 1/26 [hobgoblin (3)]
   201 | D:4      | Slain by a hobgoblin

Illustrated notes

Levels and vault maps discovered:
D:1:      dpeg_arrival_pond, layout_basic
D:2:      layout_loops_ring
D:3:      layout_rooms, cheibriados_altar_1, minitemple
D:4:      layout_basic, mainiacjoe_overflow_chevrons,
          minmay_temple_entry_nine_rooms, serial_shops, shop, serial_glass,
          glass_columns_a, glass_columns_c

Skill      XL: |  1  2 |
---------------+-------+-----
Axes           | 5 |  5.1
Fighting       | |  3.6
Dodging        | |  2.4
Stealth        | |  1.5

Action                   || total
-------------------------++-------
Melee: Hand axe          ||    43
 Stab: Sleeping          ||     1
Armor: Robe              ||    15
Dodge: Dodged            ||    42
